Map: 2000 Atmospheres LE

Players

Zest - Winner!

  • Race: Protoss Protoss

Neeb

  • Race: Protoss Protoss

Event: DreamHack SC2 Masters 2021 Winter

VOD

Have the link to the VOD?

Description

Time

  • Played on: Nov. 10, 2021, 12:14 p.m.
  • Length: 9:15

All games in this series

Show
View Real Time Build Order
Export as new Build Order

Zest Protoss - Winner!

Build Orders: Oracle Opening 

Get SALT Encoding   

  12  0:00  Probe  
  13  0:12  Probe  
  14  0:17  Pylon  
  14  0:24  Probe (Chrono Boost)  
  15  0:36  Gateway  
  15  0:37  Probe (Chrono Boost)  
  16  0:44  Probe (Chrono Boost)  
  16  0:45  Assimilator  
  17  0:51  Probe  
  18  1:03  Probe (Chrono Boost)  
  19  1:04  Assimilator  
  19  1:08  Gateway  
  19  1:13  Probe (Chrono Boost)  
  19  1:17  Probe (Chrono Boost)  
  20  1:23  Cybernetics Core  
  21  1:29  Probe  
  22  1:34  Pylon  
  22  1:41  Probe  
  23  1:53  Probe  
  24  2:01  Stargate  
  24  2:04  Stalker  
  26  2:11  Warp Gate  
  26  2:19  Stalker  
  28  2:25  Shield Battery  
  28  2:33  Pylon  
  28  2:45  Oracle (Chrono Boost)  
  31  2:54  Nexus  
  29  3:13  Oracle (Chrono Boost), Shield Battery  
  29  3:19  Probe  
  33  3:31  Probe  
  34  3:35  Twilight Council  
  34  3:40  Pylon  
  34  3:43  Probe  
  35  3:55  Probe  
  36  3:59  Stalker  
  36  4:00  Stalker  
  40  4:07  Probe x2  
  42  4:19  Blink (Chrono Boost), Probe x2  
  41  4:31  Probe x2  
  42  4:36  Pylon  
  43  4:40  Stalker x2  
  43  4:43  Probe x2  
  49  4:55  Gateway, Probe  
  49  4:56  Probe  
  49  4:58  Assimilator  
  51  5:04  Stalker  
  51  5:05  Stalker  
  55  5:07  Probe  
  55  5:09  Probe  
  57  5:20  Probe, Pylon  
  57  5:21  Probe  
  59  5:33  Probe x2  
  61  5:39  Stalker x2  
  61  5:42  Gateway  
  65  5:45  Probe  
  66  5:57  Nexus  
  66  6:03  Stalker x3  
  72  6:10  Pylon  
  72  6:13  Robotics Facility  
  72  6:22  Pylon  
  74  6:26  Forge  
  74  6:29  Stalker x3  
  74  6:32  Probe  
  79  6:33  Probe  
  79  6:36  Stalker  
  82  6:40  Charge (Chrono Boost)  
  82  6:44  Protoss Ground Weapons Level 1 (Chrono Boost), Pylon  
  82  6:56  Shield Battery  
  82  7:01  Observer  
  81  7:11  Stalker x2  
  81  7:12  Zealot x2  
  89  7:36  Stalker  
  89  7:37  Stalker, Zealot x2  
  93  7:41  Gateway  
  93  7:42  Gateway  
  97  7:46  Shield Battery  
  97  7:49  Shield Battery  
  96  7:55  Immortal (Chrono Boost)  
  96  7:56  Shield Battery  
  100  8:01  Probe  
  100  8:02  Probe x2  
  103  8:07  Stalker x4  
  111  8:18  Gateway x2  
  111  8:30  Warp Prism (Chrono Boost)  
  107  8:44  Zealot x4  
  107  8:45  Zealot x2  
Show
View Real Time Build Order
Export as new Build Order

Neeb Protoss 

Build Orders: Phoenix Opening 

Get SALT Encoding   

  12  0:00  Probe  
  13  0:12  Probe  
  14  0:16  Pylon  
  14  0:24  Probe (Chrono Boost)  
  15  0:36  Gateway  
  15  0:37  Probe (Chrono Boost)  
  16  0:43  Probe (Chrono Boost)  
  16  0:46  Assimilator  
  17  0:51  Probe  
  17  0:55  Assimilator  
  18  1:03  Probe (Chrono Boost)  
  19  1:08  Gateway  
  19  1:12  Probe (Chrono Boost)  
  19  1:17  Probe (Chrono Boost)  
  20  1:25  Cybernetics Core  
  21  1:29  Probe  
  22  1:36  Pylon  
  22  1:41  Probe  
  23  1:54  Probe  
  24  2:02  Stalker x2  
  24  2:03  Warp Gate (Chrono Boost)  
  28  2:15  Pylon  
  28  2:25  Probe  
  28  2:28  Pylon  
  29  2:33  Sentry  
  29  2:36  Sentry  
  33  2:51  Probe  
  34  2:52  Nexus  
  34  2:56  Pylon  
  34  3:05  Probe  
  33  3:07  Phoenix  
  33  3:10  Stalker, Sentry  
  37  3:17  Probe  
  37  3:19  Shield Battery  
  38  3:28  Twilight Council  
  38  3:32  Probe  
  39  3:44  Probe (Chrono Boost)  
  39  3:47  Stalker  
  37  3:56  Probe (Chrono Boost)  
  37  4:03  Probe (Chrono Boost)  
  37  4:07  Probe (Chrono Boost)  
  39  4:11  Blink, Probe (Chrono Boost)  
  41  4:18  Probe (Chrono Boost)  
  41  4:22  Probe (Chrono Boost)  
  41  4:24  Probe (Chrono Boost)  
  37  4:27  Probe (Chrono Boost)  
  39  4:33  Probe  
  40  4:39  Probe  
  40  4:45  Adept x2, Probe  
  46  4:51  Probe  
  47  4:55  Forge  
  47  4:57  Probe  
  48  5:03  Probe  
  49  5:10  Probe (Chrono Boost)  
  50  5:16  Robotics Facility  
  50  5:18  Assimilator  
  50  5:20  Probe (Chrono Boost)  
  52  5:22  Probe (Chrono Boost)  
  52  5:26  Protoss Ground Weapons Level 1 (Chrono Boost)  
  52  5:27  Probe (Chrono Boost)  
  54  5:29  Probe (Chrono Boost)  
  54  5:36  Stalker x2, Phoenix, Probe  
  54  5:39  Probe  
  60  5:48  Probe  
  59  5:50  Gateway x2  
  59  5:55  Stalker x2  
  59  5:59  Probe  
  59  6:01  Pylon  
  60  6:08  Observer (Chrono Boost)  
  61  6:12  Pylon  
  61  6:14  Probe  
  62  6:20  Pylon  
  62  6:27  Immortal (Chrono Boost), Stalker x2  
  70  6:36  Pylon  
  70  6:37  Pylon  
  70  6:52  Stalker  
  70  6:53  Warp Prism (Chrono Boost), Stalker x2  
  78  6:55  Stalker  
  75  7:08  Probe  
  75  7:20  Stalker x4  
  83  7:37  Probe x2  
  83  7:41  Dark Shrine  
  85  7:47  Nexus  
  85  7:52  Probe  
  85  7:54  Pylon  
  85  7:56  Probe  
  87  8:01  Stalker x2  
  91  8:06  Stalker x2  
  97  8:17  Gateway  
  95  8:20  Gateway  
  95  8:28  Gateway  
  95  8:31  Gateway  
  95  8:39  Zealot x3  
  81  8:49  Stalker  

Tags
 
Add a new tag
Caveats
  • Supply blocks, unpowered buildings, or Contaminate may cause inaccurate times.
  • Supply counts are checked every 10 seconds.